 Dungeon Crawl Stone Soup version 0.25-a0-80-g9b55229ae5 (webtiles) character file.

Game seed: 11061177171830433686, levelgen mode: deterministic

8670 Gargoyl the Agent of Entropy (level 11, -12/91 HPs)
             Began as a Centaur Abyssal Knight on Nov 7, 2019.
             Was a Priest of Lugonu.
             Mangled by a death knight
             ... wielding a cursed +0 great sword
              (24 damage)
             ... on level 11 of the Dungeon.
             The game lasted 00:15:15 (10927 turns).

Gargoyl the Agent of Entropy (CeAK)                Turns: 10927, Time: 00:15:16

Health: -12/91     AC: 15    Str: 16    XL:     11   Next: 13%
Magic:  5/16       EV:  8    Int: 11    God:    Lugonu [***...]
Gold:   668        SH:  4    Dex: 11    Spells: 10/10 levels left

rFire    + . .     SeeInvis .   o - +8 trident of the Octopus King {venom, rElec rPois MR+}
rCold    . . .     Gourm    .   m - +0 buckler
rNeg     . . .     Faith    .   i - +0 chain mail
rPois    +         Spirit   .   y - +2 helmet
rElec    +         Reflect  .   (no cloak)
rCorr    .         Harm     .   e - +1 pair of gloves
MR       .....                  (no barding)
Stlth    ..........             (no amulet)
HPRegen  0.25/turn              d - +2 ring of evasion
MPRegen  0.15/turn              h - ring of protection from fire

@: about to teleport, vulnerable, slowed
A: large, hooves 3, deformed body, speed 2, tough skin 3
a: Depart the Abyss, Bend Space, Banish, Renounce Religion


You were on level 11 of the Dungeon.
You worshipped Lugonu.
Lugonu was most pleased with you.
You were very hungry.

You visited 1 branch of the dungeon, and saw 12 of its levels.
You visited the Abyss 1 time.

You collected 668 gold pieces.

Inventory:

Hand Weapons
 a - a +3 hand axe of venom
 o - the +8 trident of the Octopus King (weapon) {venom, rElec rPois MR+}
   (You found it on level 5 of the Dungeon)

   It poisons the flesh of those it strikes.
   It insulates you from electricity.
   It protects you from poison.
   It affects your resistance to hostile enchantments.
 s - a +2 hand axe of flaming
Armour
 e - a +1 pair of gloves (worn)
 i - a +0 chain mail (worn)
 m - a +0 buckler (worn)
 y - a +2 helmet (worn)
Jewellery
 d - a +2 ring of evasion (left hand)
 h - a ring of protection from fire (right hand)
 t - an uncursed ring of positive energy {unknown}
Wands
 k - a wand of paralysis (2)
 q - a wand of acid (9)
 r - a wand of polymorph (11)
Scrolls
 g - 6 scrolls of identify
 l - 6 scrolls of remove curse
 w - a scroll of teleportation
Potions
 b - 3 potions of curing
 f - 2 potions of ambrosia
 j - a potion of lignification
 n - a potion of heal wounds
 p - a potion of brilliance
 u - a potion of berserk rage {unknown}
 x - a potion of agility
 A - a potion of magic
Comestibles
 c - 25 rations


   Skills:
 + Level 6.4 Fighting
 + Level 4.3(6.4) Axes
 + Level 7.4(8.0) Polearms
 * Level 7.2 Armour
 * Level 5.2 Dodging
 + Level 1.7 Shields
 * Level 7.5 Invocations
 + Level 0.1 Evocations


You had 10 spell levels left.
You didn't know any spells.
Your spell library contained the following spells:

 Spells                   Type           Power        Failure   Level  Hunger
 Animate Skeleton         Necr           N/A          99%         1    ##.....
 Apportation              Tloc           #.....       99%         1    ##.....
 Confusing Touch          Hex            #.....       99%         1    ##.....
 Magic Dart               Conj           #...         99%         1    ##.....
 Summon Small Mammal      Summ           #...         99%         1    ##.....
 Blink                    Tloc           N/A          100%        2    ###....
 Call Imp                 Summ           #.......     100%        2    ###....
 Slow                     Hex            #.......     100%        2    ###....
 Conjure Flame            Conj/Fire      #.......     100%        3    ####...
 Mephitic Cloud           Conj/Pois/Air  #.......     100%        3    ####...


Dungeon Overview and Level Annotations

Branches:
Dungeon (12/15)            Temple (0/1) D:4             Orc (0/2) D:9
   Lair: D:8-11

Altars:
Hepliaklqana

Shops:
D:8 [

Annotations:
D:10 corrupted
Abyss:1 Snorg


Innate Abilities, Weirdness & Mutations

You have hooves in place of feet.
Armour fits poorly on your strangely shaped body.
You cover ground very quickly.
You have extremely tough skin. (AC +3)


Message History

The freezing wraith hits you. The freezing wraith freezes you!
You block the freezing wraith's attack.
The phantasmal warrior closely misses you.
The skeletal warrior barely misses you. The phantasmal warrior hits you!
Your magical defenses are stripped away!
The skeletal warrior barely misses you.
As you read the scroll of teleportation, it crumbles to dust.
You feel strangely unstable. The phantasmal warrior hits you!!
* * * LOW HITPOINT WARNING * * *
You block the skeletal warrior's attack.
Unknown command.
You feel much better.
The death knight hits you with a cursed +0 great sword!
* * * LOW HITPOINT WARNING * * *
The phantasmal warrior hits you but does no damage.
The skeletal warrior hits you from afar with a +0 halberd!
* * * LOW HITPOINT WARNING * * *
The phantasmal warrior hits you but does no damage.
The death knight hits you with a cursed +0 great sword!!
You die... #.# #.## ##'### #####+## ####'#### ...#.########......# #.......# .#.#.#......+......# #.......# .#...'.######......# +.......# ####.### ...<. #.......# .....# zWW

####'#### #'#### #p#
#.#### #..## #@# #...).
##..# ##W# ########)
###'#### #..# #........
...>)..# #.##
####........ ...))..#
##.### ##....>......
..)....# #####....#
#..##........ .......#
#........###.###........
.......#...###........#
#........ .......'.
#....##### #........


You could see a death knight, a skeletal warrior, a phantasmal warrior, a
freezing wraith and a wraith.

Vanquished Creatures
  Harold (D:11)
  A hydra (D:11)
  2 dream sheep (D:11)
  2 hippogriffs
  2 yaks (D:11)
  2 hungry ghosts
  Grum (D:11)
  A steam dragon (D:7)
  2 black bears (D:7)
  5 orc warriors
  A sky beast (D:7)
  2 ice beasts
  6 ogres
  An eye of draining (D:11)
  A phantom (D:11)
  4 wolves (D:11)
  13 centaurs
  A crocodile (D:11)
  4 big kobolds
  3 bullfrogs
  A scorpion (D:4)
  9 killer bees
  4 howler monkeys
  A bullfrog zombie (D:8)
  5 crimson imps
  4 hounds
  A jelly (D:9)
  2 orc priests
  3 bullfrog skeletons
  3 iguanas
  6 orc wizards
  A centaur skeleton (D:8)
  Natasha (thrice) (D:4)
  4 worker ants
  A killer bee zombie (D:5)
  3 hound skeletons
  2 worker ant zombies
  A howler monkey zombie (D:8)
  4 gnolls (D:2)
  3 adders
  A shadow imp (D:8)
  2 oozes
  4 adder skeletons
  3 dart slugs
  7 leopard geckos
  33 orcs
  2 ball pythons
  7 bats
  4 giant cockroaches
  4 goblins
  5 hobgoblins
  5 jackals
  5 kobolds
  A quokka (D:3)
  3 frilled lizards
  A leopard gecko skeleton (D:7)
  A leopard gecko zombie (D:5)
  5 rats
209 creatures vanquished.

Vanquished Creatures (others)
  A sky beast (D:10)
  A scorpion (D:10)
  5 wights (D:10)
  A jelly (D:10)
8 creatures vanquished.

Grand Total: 217 creatures vanquished

Notes
Turn   | Place    | Note
-------+----------+-------------------------------------------
     0 | Abyss:1  | Gargoyl the Centaur Abyssal Knight began the quest for the
                  | Orb.
     0 | Abyss:1  | Reached XP level 1. HP: 19/19 MP: 2/2
    18 | Abyss:1  | Found a viscous altar of Jiyva.
    26 | Abyss:1  | Noticed a starcursed mass
    52 | Abyss:1  | Noticed a quasit
    61 | Abyss:1  | Noticed a small abomination
    70 | Abyss:1  | Noticed a small abomination
    80 | Abyss:1  | Noticed an ice devil
    82 | Abyss:1  | Noticed a guardian serpent
    85 | Abyss:1  | Noticed a great orb of eyes
    87 | D:1      | Escaped the Abyss
   351 | D:1      | Reached XP level 2. HP: 26/26 MP: 3/3
   527 | D:1      | Reached * piety under Lugonu
   645 | D:1      | Reached skill level 1 in Dodging
   906 | D:2      | Reached XP level 3. HP: 5/31 MP: 4/4
  1270 | D:2      | Reached XP level 4. HP: 24/40 MP: 5/5
  2031 | D:3      | Reached ** piety under Lugonu
  2084 | D:3      | Reached XP level 5. HP: 43/46 MP: 7/7
  2085 | D:3      | Noticed an ice beast
  2100 | D:3      | Killed an ice beast
  2669 | D:4      | Noticed Natasha
  2678 | D:4      | Killed Natasha
  2742 | D:4      | Reached XP level 6. HP: 51/52 MP: 8/8
  2859 | D:4      | Noticed Natasha
  2878 | D:4      | Killed Natasha
  3178 | D:4      | Found a staircase to the Ecumenical Temple.
  3553 | D:4      | Noticed Natasha
  3562 | D:4      | Killed Natasha
  3627 | D:5      | Entered Level 5 of the Dungeon
  3932 | D:5      | Reached XP level 7. HP: 51/59 MP: 9/9
  4284 | D:5      | Found the +8 trident of the Octopus King {venom, rElec
                  | rPois MR+}
  5038 | D:6      | Reached XP level 8. HP: 63/67 MP: 11/11
  5278 | D:7      | Reached skill level 1 in Polearms
  5294 | D:7      | Reached *** piety under Lugonu
  5630 | D:7      | Reached skill level 5 in Fighting
  5673 | D:7      | Reached skill level 5 in Invocations
  6306 | D:8      | Found Fuanoi's Armour Emporium.
  6326 | D:8      | Reached skill level 5 in Armour
  6334 | D:8      | Reached XP level 9. HP: 69/74 MP: 12/12
  6865 | D:8      | Reached skill level 1 in Shields
  7036 | D:8      | Found a hazy altar of Hepliaklqana.
  7207 | D:8      | Reached **** piety under Lugonu
  7635 | D:9      | Reached skill level 5 in Polearms
  7691 | D:9      | Found a staircase to the Orcish Mines.
  8565 | D:10     | Entered Level 10 of the Dungeon
  8591 | D:10     | Noticed Snorg
  8598 | D:10     | Corrupted D:10
  8599 | D:10     | Noticed a purple very ugly thing
  8607 | D:10     | Banished Snorg
  8607 | D:10     | Reached XP level 10. HP: 29/83 MP: 7/14
  8610 | D:10     | Noticed a bone dragon
  9161 | D:10     | You fall into a shaft and drop 2 floors!
  9819 | D:11     | Noticed a two-headed hydra
  9829 | D:11     | Killed a one-headed hydra
 10158 | D:11     | Noticed Grum
 10173 | D:11     | Reached skill level 5 in Dodging
 10228 | D:11     | Killed Grum
 10618 | D:11     | Noticed Harold
 10626 | D:11     | Reached XP level 11. HP: 80/90 MP: 16/16
 10645 | D:11     | Killed Harold
 10922 | D:11     | Noticed a death knight
 10922 | D:11     | Noticed a skeletal warrior
 10922 | D:11     | Noticed a phantasmal warrior
 10927 | D:11     | Mangled by a death knight

Levels and vault maps discovered:
D:1:      lemuel_arrival_tunnels, layout_loops_ring
D:2:      layout_loops_cross, first_ration
D:3:      layout_loops_ring
D:4:      layout_loops_cross, minmay_temple_entry_antechambers, uniq_natasha
D:5:      layout_gridville
D:6:      layout_loops_cross
D:7:      black_bear_nest_2, layout_basic, hex_medium
D:8:      layout_cave_pools, nicolae_overflow_crystal_walls, serial_shops, shop
D:9:      layout_basic, orc_0_dummy
D:10:     layout_stronghold, erik_lair_orcish_takeover, uniq_snorg
D:11:     layout_roguey, hangedman_ranch [blue_anna_fruit_fields], uniq_grum,
          uniq_harold
D:12:     layout_basic, enter_bailey_6, minivault_16, due_unseen_surprise

Skill      XL: |  1  2  3  4  5  6  7  8  9 10 |
---------------+-------------------------------+-----
Dodging        | 1 2 3 4 5 |  5.2
Axes           | 2 3 4 |  4.3
Armour         | 2 3 4 5 6 7 |  7.2
Fighting       | 4 5 6 |  6.4
Invocations    | 3 4 5 6 7 |  7.5
Polearms       | 3 5 7 |  7.4
Shields        | 1 |  1.7
Evocations     | |  0.1

Action                   |  1- 3 |  4- 6 |  7- 9 | 10-12 || total
-------------------------+-------+-------+-------+-------++-------
Melee: Hand axe          |    92 |   135 |    17 |     7 ||   251
       Kick              |    13 |    29 |    68 |    42 ||   152
       Trident           |       |       |   275 |   158 ||   433
Invok: Depart the Abyss  |     1 |       |       |       ||     1
       Bend Space        |       |       |     1 |       ||     1
       Corrupt           |       |       |     1 |       ||     1
       Banish            |       |       |       |     4 ||     4
Evoke: Wand              |       |       |     1 |     4 ||     5
  Use: Scroll            |     6 |     4 |    16 |     3 ||    29
       Potion            |     1 |       |     1 |     1 ||     3
 Stab: Paralysed         |       |       |       |     2 ||     2
  Eat: Chunk             |       |     7 |     8 |     5 ||    20
       Ration            |       |       |     3 |     1 ||     4
Armor: Chain mail        |    58 |    80 |   194 |    93 ||   425
       Leather armour    |     3 |       |       |       ||     3
Dodge: Dodged            |    39 |    33 |   110 |    73 ||   255
Block: Buckler           |       |    14 |    41 |    34 ||    89

Table legend:
 A = Non-vault XP
 B = Vault XP
 C = Vault XP percentage of total XP
 D = Non-vault monster count
 E = Vault monster count
 F = Vault count percentage of total count
                 A         B        C        D         E       F
            +---------+---------+-------+---------+---------+-------
      Total |    7631 |    4756 |  38.4 |     191 |      20 |   9.5
            +---------+---------+-------+---------+---------+-------
        D:1 |      20 |       0 |   0.0 |      12 |       0 |   0.0
        D:2 |     116 |       0 |   0.0 |      21 |       0 |   0.0
        D:3 |     200 |       0 |   0.0 |      16 |       0 |   0.0
        D:4 |     280 |      35 |  11.1 |      10 |       1 |   9.1
        D:5 |     338 |       0 |   0.0 |       7 |       0 |   0.0
        D:6 |     542 |       0 |   0.0 |      12 |       0 |   0.0
        D:7 |    1498 |     131 |   8.0 |      21 |       1 |   4.5
        D:8 |    1279 |       0 |   0.0 |      44 |       0 |   0.0
        D:9 |     957 |       0 |   0.0 |      17 |       0 |   0.0
       D:10 |     564 |     731 |  56.4 |       5 |       4 |  44.4
       D:11 |    1837 |    3859 |  67.7 |      26 |      14 |  35.0
            +---------+---------+-------+---------+---------+-------
